 Dungeon Crawl Stone Soup version 0.27-a0-1217-g8a41f320e8 (webtiles) character file.

Game seed: 17425386835080710765

1272 Glokmah the Insei (level 8, -3/54 HPs)
             Began as an Octopode Transmuter on June 6, 2021.
             Splashed by a jelly's acid (7 damage)
             ... on level 7 of the Dungeon.
             The game lasted 00:11:04 (7040 turns).

Glokmah the Insei (Octopode Transmuter)             Turns: 7040, Time: 00:11:04

Health: -3/54      AC: -3    Str: 11    XL:     8   Next: 53%
Magic:  11/14      EV: 13    Int: 15    God:
Gold:   1341       SH:  0    Dex: 13    Spells: 5/15 levels left

rFire    . . .     SeeInvis .     - Unarmed
rCold    . . .     Faith    .   (no shield)
rNeg     . . .     Spirit   .   (helmet currently unavailable)
rPois    .         Reflect  .   (no amulet)
rElec    .         Harm     .   (no ring)
rCorr    .         Rampage  .   (no ring)
Will     .....                  (no ring)
Stlth    ++........             (no ring)
HPRegen  0.18/turn              (no ring)
MPRegen  0.14/turn              (no ring)
                                (no ring)
                                (no ring)

@: lethally poisoned (-3 -> -7), appendages, wereblooded, corroded
A: tentacle spike 3, almost no armour, amphibious, 8 rings, camouflage 1,
gelatinous body 1, (nimble swimmer 1), tentacles
a: End Transformation


You were on level 7 of the Dungeon.
One of your tentacles had grown a beastly spike.
You visited 1 branch of the dungeon, and saw 7 of its levels.

You collected 1341 gold pieces.

Inventory:

Missiles
 a - 9 boomerangs
 b - 2 throwing nets
 d - 132 stones
Jewellery
 f - an amulet of faith
Wands
 j - a wand of paralysis (14)
 l - a wand of flame (13) (quivered)
Potions
 c - a potion of brilliance {unknown}
 g - a potion of might {unknown}
 h - 3 potions of attraction
 i - a potion of invisibility
 k - 3 potions of curing
 m - 2 potions of resistance
 n - a potion of cancellation {unknown}


   Skills:
 + Level 3.7 Fighting
 - Level 2.0 Dodging
 * Level 6.0 Unarmed Combat
 + Level 4.0 Spellcasting
 * Level 5.6 Transmutations
 + Level 1.6 Ice Magic
 + Level 3.5 Poison Magic


You had 5 spell levels left.
You knew the following spells:

 Your Spells              Type           Power      Damage    Failure   Level
a - Beastly Appendage     Tmut           38%        N/A       1%          1
b - Wereblood             Tmut           19%        N/A       2%          2
c - Spider Form           Tmut/Pois      8%         N/A       9%          3
d - Ice Form              Ice/Tmut       14%        N/A       36%         4

Your spell library contained the following spells:

 Spells                   Type           Power      Damage    Failure   Level
 Hydra Form               Tmut           9%         N/A       45%         5


Dungeon Overview and Level Annotations

Branches:
Dungeon (7/15)
 Temple: D:4-7

Altars:
Elyvilon
Okawaru
Uskayaw
Zin
The Shining One


Innate Abilities, Weirdness & Mutations

One of your tentacles has grown a beastly spike.
You cannot wear most types of armour.
You are amphibious.
You can wear up to eight rings at the same time.
Your skin changes colour to match your surroundings (Stealth+).
Your rubbery body absorbs attacks. (AC +1, EV +1)
((You are camouflaged near water. (Stealth+)))
You have tentacles for arms and can constrict up to eight enemies at once.


Message History

You completely miss the water moccasin.
Your tentacle spike misses the water moccasin.
You squeeze the water moccasin!
The water moccasin is heavily wounded.
You hear the brisk hiss of a very distant avalanche of sand.
You constrict the water moccasin. The water moccasin bites you!
You are poisoned.
The water moccasin poisons you!
Casting: Beastly Appendage (safe; 1% risk of failure)
Confirm with . or Enter, or press ? or * to list all spells.
Your blood is infused with primal strength.
You constrict the water moccasin.
You feel very sick. The water moccasin closely misses you.
The water moccasin misses you.
Unknown command.
You tentacle-slap the water moccasin.
You pierce the water moccasin.
You kill the water moccasin!
You feel very sick.
Your Unarmed Combat skill increases to level 6!
Your Spellcasting skill increases to level 4!
You feel very sick.
You tentacle-slap the jelly.
Your tentacles burn!
The jelly is lightly wounded.
You howl as the wereblood boils in your veins!
You feel sick. The jelly hits you.
You are splashed with acid.
* * * LOW HITPOINT WARNING * * *
You bludgeon the jelly! The acid corrodes you!
Your tentacles burn!
* * * LOW HITPOINT WARNING * * *
You pierce the jelly.
The jelly is heavily wounded.
You feel sick.
You tentacle-slap the jelly.
Your tentacles burn!
* * * LOW HITPOINT WARNING * * *
You pierce the jelly.
You squeeze the jelly, but do no damage.
The jelly is severely wounded.
You feel sick. The jelly hits you.
* * * LOW HITPOINT WARNING * * *
You are splashed with acid!
You die...

######### #.......#
####@#####.#
#...J...# #.#
#.......# #.# .
#.......###<###....
....................
................#....
..........###.#.# [.
..........# #...#
....... ##....


You could see a jelly.

Vanquished Creatures
  A wyvern (D:7)
  Menkaure (D:4)
  A water moccasin (D:7)
  Blork the orc (D:4)
  A kobold brigand (D:6)
  5 scorpions
  A hound (D:6)
  A jelly (D:6)
  An orc priest (D:2)
  A bullfrog skeleton (D:6)
  Natasha (thrice) (D:4)
  Ijyb (D:4)
  An orc wizard (D:4)
  A hound zombie (D:5)
  A hound skeleton (D:5)
  3 gnolls (D:4)
  7 adders
  3 worms
  4 dart slugs
  7 orcs
  5 endoplasms
  4 giant cockroaches
  11 goblins
  8 hobgoblins
  3 jackals (D:3)
  4 quokkas
  9 ball pythons
  11 bats
  2 frilled lizards
  9 kobolds
  4 rats
115 creatures vanquished.

Vanquished Creatures (others)
  A fungus (D:4)
  2 plants (D:6)
3 creatures vanquished.

Grand Total: 118 creatures vanquished

Notes
Turn   | Place    | Note
-------+----------+-------------------------------------------
     0 | D:1      | Glokmah the Octopode Transmuter began the quest for the
                  | Orb.
     0 | D:1      | Reached XP level 1. HP: 13/13 MP: 3/3
   218 | D:1      | Reached XP level 2. HP: 18/18 MP: 3/5
   225 | D:1      | Learned a level 2 spell: Wereblood
   322 | D:1      | You fall into a shaft and drop 1 floor!
   565 | D:2      | Reached XP level 3. HP: 12/23 MP: 2/6
   578 | D:2      | Reached XP level 4. HP: 12/29 MP: 3/7
  1890 | D:3      | Learned a level 3 spell: Spider Form
  2210 | D:3      | Reached XP level 5. HP: 20/34 MP: 4/8
  2228 | D:3      | Found a glowing golden altar of the Shining One.
  2594 | D:3      | Reached skill level 4 in Unarmed Combat
  3201 | D:4      | Noticed Menkaure
  3251 | D:4      | Noticed Ijyb
  3262 | D:4      | Killed Ijyb
  3263 | D:4      | Identified the +0 chain mail "Trusted Companion" {rN+ Will-
                  | Dex+4}
  3407 | D:4      | Reached skill level 1 in Poison Magic
  3506 | D:4      | Noticed Blork the orc
  3521 | D:4      | Killed Blork the orc
  3522 | D:4      | Reached XP level 6. HP: 24/41 MP: 7/10
  4021 | D:4      | Found an iron altar of Okawaru.
  4041 | D:4      | Noticed Natasha
  4049 | D:4      | Killed Natasha
  4143 | D:4      | Noticed Natasha
  4599 | D:4      | Killed Menkaure
  4600 | D:4      | Reached XP level 7. HP: 32/45 MP: 11/11
  4754 | D:4      | Killed Natasha
  4902 | D:4      | Reached skill level 5 in Unarmed Combat
  4914 | D:4      | HP: 2/46 [poisoned by a scorpion]
  5453 | D:5      | Entered Level 5 of the Dungeon
  5486 | D:4      | Noticed Natasha
  5494 | D:4      | Killed Natasha
  5515 | D:4      | Learned a level 4 spell: Ice Form
  5811 | D:5      | Reached skill level 5 in Transmutations
  5870 | D:5      | Found a hide-covered altar of Uskayaw.
  6012 | D:5      | Reached XP level 8. HP: 52/52 MP: 11/13
  6149 | D:5      | Found a glowing silver altar of Zin.
  6485 | D:6      | Identified a scroll of acquirement
  6485 | D:6      | Acquired 1100 gold pieces
  6567 | D:6      | Found a white marble altar of Elyvilon.
  6713 | D:6      | Reached skill level 1 in Ice Magic
  6714 | D:6      | Noticed a cyclops
  6714 | D:6      | Noticed a wyvern
  6737 | D:7      | Killed a wyvern
  7037 | D:7      | Reached skill level 6 in Unarmed Combat
  7040 | D:7      | Splashed by a jelly's acid

Illustrated notes

Levels and vault maps discovered:
D:1:      ebering_hopf_link, layout_rooms, basic_ecumenical_altar,
          chequers_serial_rivers_small_b
D:2:      layout_basic, grunt_ministairs_15, minmay_misc_feat_five
D:3:      layout_loops_ring, tso_oasis_becter
D:4:      old_forge, layout_layer_cave, kennysheep_okawaru_gauntlet,
          minmay_cupped, uniq_menkaure, uniq_natasha, uniq_blork_the_orc,
          uniq_ijyb
D:5:      layout_loops_ring, nicolae_uskayaw_murder_on_the_dancefloor,
          lemuel_coloured_pillars_altar
D:6:      layout_cave_pools, led_sif_pool, nicolae_elyvilon_temple_path,
          kennysheep_mini_moat, minmay_temple_entry_slanted, minmay_starry_boxes
D:7:      minmay_the_grid_octo_2x2 [minmay_the_grid_octo_checkered,
          minmay_the_grid_octo_fan_narrow, minmay_the_grid_octo_teeth,
          minmay_the_grid_octo_prize_square_snowflake], layout_basic,
          nicolae_qazlal_scattered_showers, enter_ossuary_3

Skill      XL: |  1  2  3  4  5  6  7  8 |
---------------+-------------------------+-----
Transmutations | 3 4 5 |  5.6
Fighting       | 2 3 |  3.7
Unarmed Combat | 4 5 6 |  6.0
Poison Magic   | 1 2 3 |  3.5
Spellcasting   | 3 4 |  4.0
Ice Magic      | 1 |  1.6
Dodging        | |  2.0

Action                   |  1- 3 |  4- 6 |  7- 9 || total
-------------------------+-------+-------+-------++-------
Melee: Unarmed           |    53 |   134 |    75 ||   262
       Constrict         |    14 |    29 |    18 ||    61
       Kick              |    11 |    21 |    16 ||    48
       Tentacles         |     8 |    11 |    17 ||    36
       Punch             |       |     4 |     1 ||     5
 Cast: Beastly Appendage |    13 |    22 |    10 ||    45
       Wereblood         |     1 |     7 |     4 ||    12
       Spider Form       |       |     4 |     3 ||     7
Evoke: Wand              |       |     7 |     2 ||     9
  Use: Potion            |       |     2 |       ||     2
       Scroll            |       |     7 |     3 ||    10
 Stab: Sleeping          |     1 |     7 |     2 ||    10
Armor: Skin              |     3 |    11 |     6 ||    20
Dodge: Dodged            |    38 |    97 |    62 ||   197

Table legend: (Time is in decaauts)
 A = Elapsed time spent in this place.
 B = Non-inter-level travel time spent in this place.
 C = Inter-level travel time spent in this place.
 D = Time resting spent in this place.
 E = Time spent auto-exploring this place.
 F = Levels seen in this place.
 G = Mean time per level.
                   A        B        C        D        E       F      G
               +--------+--------+--------+--------+--------+-----+--------+
         Total |   7040 |   6511 |    529 |   1675 |   3753 |   7 | 1005.7 |
       Dungeon |   7040 |   6511 |    529 |   1675 |   3753 |   7 | 1005.7 |
               +--------+--------+--------+--------+--------+-----+--------+

Top non-repeatable levels by time:
     D:4: 1949 daAuts
     D:3: 1750 daAuts
     D:2: 1114 daAuts
     D:5: 902 daAuts
     D:1: 739 daAuts
     D:7: 309 daAuts
     D:6: 274 daAuts
